[Event "*** Titled Tuesday Blitz"]
[Site "Chess.com"]
[Date "2020.11.24"]
[Round "2"]
[White "RamyresCoelho"]
[Black "ljuks68"]
[Result "0-1"]
[WhiteElo "2084"]
[BlackElo "2397"]
[TimeControl "180+1"]
[EndTime "10:34:42 PST"]
[Termination "ljuks68 won by checkmate"]

1. e4 e6 2. d4 d5 3. Nc3 Bb4 4. e5 Ne7 5. a3 Bxc3+ 6. bxc3 c5 7. Nf3 Bd7 8. a4 Qa5 9. Qd2 cxd4 10. cxd4 Qxd2+ 11. Bxd2 Nbc6 12. Bd3 Nf5 13. c3 Na5 14.
g4 Ne7 15. Bc2 h5 16. g5 g6 17. O-O Rc8 18. Rfb1 O-O 19. Ne1 b6 20. Nd3 Rc7 21.
Nb4 Nc4 22. Be1 a5 23. Nd3 Rb8 24. Rb3 Rcb7 25. Rbb1 Bc6 26. Kf1 Rc7 27. Nc5 Rcc8 28. Na6 Ra8 29. Nb4 axb4 30. cxb4 b5 31. a5 Bb7 32.
Bd3 Nc6 33. Bc3 Nb8 34. Rb3 Na6 35. h4 Rc7 36. Ke2 Rac8 37. Rd1 Nxe5 38. Bxb5 Rxc3 39. Rxc3 Rxc3 40. dxe5 Nxb4 41. Rb1 Na6 42. Bd3 Bc8 43. Rb6 Nc5 44. Rc6 Bb7 45. Rc7 Rxd3 46. Rxc5 Ra3 47. Kd2 Ba6 48. Rc6 Bc4 49. Rc5 Kf8 50. Ke1 Ke8 51. Rc8+ Kd7 52. Rf8 Ke7 53. Ra8 d4 54.
Ra7+ Kf8 55. Ra8+ Kg7 56. Ra7 Ra2 57. Rd7 Rxa5 58. Rxd4 Rxe5+ 59. Kd2 Bd5 60. f4 Re4 61. Rd3 Rxf4 62. Ra3 Rxh4 63. Ra7 Rg4 64. Re7 Rxg5 65. Ke3 Rf5 66. Ra7 h4 67. Kd4 g5 68. Ra2 h3 69. Rh2 g4 70. Ke3 Kg6 71. Ke2 Kg5 72. Ke3 Kh4 73. Rc2 g3 74. Rd2 h2 75. Rd4+ Kg5 76.
Ke2 h1=Q 77. Rd2 Qf3+ 78. Ke1 Qf1# 0-1

[Event "*** Titled Tuesday Blitz"]
[Site "Chess.com"]
[Date "2020.11.24"]
[Round "2"]
[White "esapunov"]
[Black "chess94cu"]
[Result "1-0"]
[WhiteElo "2796"]
[BlackElo "2509"]
[TimeControl "180+1"]
[EndTime "10:34:43 PST"]
[Termination "esapunov won on time"]

1. c4 Nf6 2. Nf3 c6 3. b3 d5 4.
Bb2 e6 5. g3 Be7 6. Bg2 O-O 7.
O-O Nbd7 8. Qc2 a5 9. a3 Bd6 10. Nc3 Qe7 11. d3 Rd8 12. Rfe1 Ne5 13. Nd2 Ng6 14. d4 Bc7 15. Rad1 Bd6 16. e4 dxe4 17.
Ndxe4 Nxe4 18. Bxe4 Bxa3 19. Ba1 Bb4 20. d5 cxd5 21. cxd5 Qc5 22. Qb2 Qf8 23. h4 exd5 24. Rxd5 Be6 25. Rxd8 Rxd8 26. h5 Ne7 27. h6 Rc8 28.
Re3 Ng6 29. Bxb7 Rc7 30. Nd5 Bxd5 31. Bxd5 Ba3 32. Qd2 Bc1 33. hxg7 Bxd2 34. gxf8=Q+ Kxf8 35. Rd3 Rc1+ 36. Kg2 Rxa1 37. Rxd2 Ne5 38. Rd4 Rb1 39. Re4 f6 40. Rh4 Kg7 41. Ra4 Rb2 42. Rxa5 Nd3 43. Ra7+ Kf8 44. Kf3 Nxf2 45. Rxh7 Nd3 46. Ra7 Ne5+ 47.
Ke4 Rf2 48. b4 Rb2 49. Rb7 Ke8 50. Kf5 Kd8 51. Kxf6 Nd3 52. b5 Rf2+ 53. Kg5 Nb4 54. Be4 Re2 55. Kf4 Kc8 56. Rf7 Rb2 57. g4 1-0

[Event "*** Titled Tuesday Blitz"]
[Site "Chess.com"]
[Date "2020.11.24"]
[Round "2"]
[White "Twitch_ElhamBlitz05"]
[Black "IriBu"]
[Result "1-0"]
[WhiteElo "2817"]
[BlackElo "2516"]
[TimeControl "180+1"]
[EndTime "10:34:49 PST"]
[Termination "Twitch_ElhamBlitz05 won on time"]

1. e4 c5 2. Nf3 d6 3. d4 cxd4 4. Nxd4 Nf6 5. f3 e5 6. Nb3 Nc6 7. c4 a5 8. Nc3 Be7 9. Be3 O-O 10. Be2 a4 11. Nd2 Nh5 12. O-O Nf4 13. Nd5 Nxd5 14. cxd5 Nd4 15. Nc4 b5 16. Na3 b4 17. Nc4 Bf6 18.
Bd3 Ba6 19. Qd2 Rb8 20. Nxe5 Bxd3 21. Nxd3 b3 22. Nb4 Rxb4 23. Qxb4 Nc2 24. Qd2 Nxe3 25. Qxe3 Bxb2 26. axb3 Bxa1 27. Rxa1 axb3 28. Qxb3 Qf6 29. Rd1 h5 30. Qd3 Rc8 31. Qd4 Qg5 32. Qd2 Qg6 33. Rc1 Rb8 34. Qf2 Qf6 35. g3 g6 36. Kg2 Rb2 37. Rc8+ Kg7 38. Rc2 Rb1 39. Rd2 Rb4 40.
Qe3 g5 41. Rc2 Rb2 42. Rxb2 Qxb2+ 43. Kh3 Kg6 44. g4 h4 45. f4 f6 46. fxg5 fxg5 47.
Qf3 Kh6 48. Qf8+ Kg6 49. Qxd6+ Kh7 50. Qe7+ Kg6 51. Qe6+ Kg7 52. Qd7+ Kh6 53. Qd6+ Kg7 54. Qc7+ Kh6 55. Qc6+ Kg7 56. Qd7+ Kh6 57. Qe6+ Kg7 58. Qf5 Qd2 59. Qe5+ Kg6 60. Qf5+ Kg7 61. Qf3 Qc1 62. e5 Qc3 63. Qxc3 Kf7 64. d6 1-0

[Event "*** Titled Tuesday Blitz"]
[Site "Chess.com"]
[Date "2020.11.24"]
[Round "2"]
[White "saraswathii"]
[Black "elcandado"]
[Result "1-0"]
[WhiteElo "2388"]
[BlackElo "2654"]
[TimeControl "180+1"]
[EndTime "10:34:50 PST"]
[Termination "saraswathii won by checkmate"]

1. e4 d6 2. d3 Nf6 3. Nf3 c5 4. g3 Nc6 5. Bg2 g6 6. O-O Bg7 7. c3 O-O 8. Qe2 Rb8 9. a3 b5 10. b4 Nd7 11. Bb2 a5 12. d4 cxb4 13. axb4 axb4 14.
cxb4 Nxb4 15. Nc3 Nf6 16. e5 Nfd5 17. Ng5 dxe5 18. dxe5 Nxc3 19. Bxc3 Nd5 20. Bb2 e6 21. Ne4 Qb6 22. Nf6+ Nxf6 23. exf6 Bh6 24. Rfd1 Bb7 25. Bd4 Qc7 26. Be5 Qc8 27. Bxb8 Bxg2 28. Bd6 Bb7 29. Bxf8 Qc6 30. f3 Bxf8 31. Kg2 h5 32. Rac1 Qb6 33. Rd7 Bc6 34. Rd3 g5 35. Qe3 Qxe3 36. Rxe3 Bd5 37.
Re5 g4 38. Rxd5 exd5 39. fxg4 hxg4 40. Rd1 b4 41. Rxd5 Kh7 42. Rg5 b3 43. Rb5 Kg6 44.
Rxb3 Kxf6 45. Rb5 Kg6 46. Kf2 f5 47. Ke3 Kg5 48. Kd4 Bg7+ 49. Kd5 Kf6 50. Rb6+ Kg5 51.
Ke6 Bd4 52. Rb5 Bg1 53. Rxf5+ Kg6 54. Rf4 Kg5 55. Rf5+ Kg6 56. Ke5 Bxh2 57. Kf4 Bxg3+ 58. Kxg4 Bd6 59. Rd5 Be7 60. Rb5 Bf6 61. Rb6 Kf7 62.
Kf5 Bd4 63. Rb7+ Ke8 64. Ke6 Kf8 65. Rf7+ Ke8 66. Rb7 Bc5 67. Rb8# 1-0

[Event "*** Titled Tuesday Blitz"]
[Site "Chess.com"]
[Date "2020.11.24"]
[Round "2"]
[White "Kislov_Oleg"]
[Black "tvjosue"]
[Result "1-0"]
[WhiteElo "2366"]
[BlackElo "2645"]
[TimeControl "180+1"]
[EndTime "10:34:51 PST"]
[Termination "Kislov_Oleg won by resignation"]

1. e4 c5 2. Nf3 d6 3. c3 Nf6 4.
Be2 Nc6 5. d4 cxd4 6. cxd4 d5 7.
e5 Ne4 8. O-O Bf5 9. Qb3 Qd7 10.
Nc3 e6 11. Be3 Be7 12. Nxe4 Bxe4 13. Nd2 Bg6 14. Rac1 O-O 15. Bb5 Rfc8 16. Qa4 a6 17. Bxc6 bxc6 18. Nb3 Qb7 19. Rc3 a5 20. a3 f6 21.
Rfc1 Be8 22. Nxa5 Qxb2 23. exf6 Bxf6 24. Qb4 Rcb8 25. Qxb2 Rxb2 26. Nxc6 h6 27. Ne5 Kh7 28.
h3 Ra4 29. Rc8 Bb5 30. Rb8 Bxe5 31. dxe5 Kg6 32. Rc5 Rb1+ 33. Kh2 Bd3 34. Rxb1 Bxb1 35.
Rc7 d4 36. Bf4 Be4 37. f3 Bd5 38. Bc1 Kf5 39. Rxg7 Kxe5 40. Bxh6 Rxa3 41. Rc7 d3 42.
Rc1 Kd4 43. Rd1 Ra2 44. Rd2 Ra1 45. h4 Kc3 46. h5 e5 47. Bg5 e4 48. fxe4 Bxe4 49. h6 Re1 50. Kg3 Re2 51. Rxe2 dxe2 52. Kf2 Kd3 53. g3 Bf5 54. Ke1 Bg6 55. Bf4 Bf5 56.
Kf2 Bg6 57. Bc7 Bf5 58. Ba5 Bg6 59. Kf3 Bh5+ 60. Kf4 Bg6 61. Kg5 Bh7 62. Kf6 Ke4 63.
g4 Kf4 64. g5 Kf3 65. g6 Bxg6 66.
Kxg6 1-0

[Event "*** Titled Tuesday Blitz"]
[Site "Chess.com"]
[Date "2020.11.24"]
[Round "2"]
[White "MPGM"]
[Black "Sergienko_Sergey"]
[Result "0-1"]
[WhiteElo "2610"]
[BlackElo "2348"]
[TimeControl "180+1"]
[EndTime "10:34:54 PST"]
[Termination "Sergienko_Sergey won on time"]

1. d4 Nf6 2. c4 c5 3. e3 g6 4. Nf3 Bg7 5. Nc3 O-O 6. Be2 cxd4 7.
exd4 d5 8. O-O Nc6 9. h3 dxc4 10. Bxc4 Na5 11. Bd3 Be6 12. Re1 Bc4 13. Bc2 Rc8 14.
Bf4 Nd5 15. Be5 Nxc3 16. bxc3 Bd5 17. Bxg7 Kxg7 18. Re3 Nc4 19. Re1 e6 20. Qe2 Qf6 21. Be4 Bxe4 22. Qxe4 Nd6 23. Qd3 Rc7 24. Rac1 Rfc8 25.
Ne5 Nc4 26. Ng4 Qf5 27. Qg3 h5 28. Ne3 Nxe3 29. Rxe3 Rc4 30. Re5 Qf6 31. Qe3 Qd8 32. g4 hxg4 33. hxg4 Qh4 34. Qf3 Rxd4 35. Re4 Rxe4 36.
Qxe4 Qg5 37. Rc2 Rh8 38. Kg2 Qh4 39. Kf1 Qh3+ 40. Ke2 Qh1 41. Qxh1 Rxh1 42. Rb2 b6 43. Rb3 Ra1 44. Ra3 a5 45. Ke3 Rb1 46. Kd4 Rb2 47. f3 Kf6 48. Rb3 Rxb3 49. axb3 Kg5 50. Kc4 Kf4 51. Kb5 Kxf3 52. Kxb6 e5 53. c4 e4 54. c5 e3 55. c6 e2 56. c7 e1=Q 57. c8=Q Qb4+ 58.
Ka6 Qxb3 59. g5 Qe6+ 60. Qxe6 fxe6 61. Kxa5 e5 62. Kb4 e4 63. Kc4 e3 0-1

[Event "*** Titled Tuesday Blitz"]
[Site "Chess.com"]
[Date "2020.11.24"]
[Round "2"]
[White "Leonid_Starozhilov"]
[Black "IANOV0007"]
[Result "1/2-1/2"]
[WhiteElo "2662"]
[BlackElo "2401"]
[TimeControl "180+1"]
[EndTime "10:34:56 PST"]
[Termination "Game drawn by repetition"]

1. b3 d6 2. Bb2 Nf6 3. e3 g6 4. d4 Bg7 5. Nf3 O-O 6. Be2 c5 7. O-O cxd4 8. Nxd4 Nc6 9. c4 Bd7 10. Nd2 Nxd4 11. Bxd4 Bc6 12. Bf3 Qa5 13. Qe2 Rfc8 14.
Bxc6 Rxc6 15. Nf3 a6 16. a4 Ne4 17. Bxg7 Kxg7 18. Nd4 Rc7 19. h3 Rac8 20. Qd3 Nc5 21. Qd1 Qb4 22. Rb1 Qc3 23. Ne2 Qd3 24. Nf4 Qxd1 25.
Rfxd1 Rb8 26. Nd5 Rd7 27. Nb6 Rdd8 28. a5 Ne4 29. Rbc1 Nf6 30. b4 e6 31. f3 Kf8 32. e4 Ke7 33. Kf2 Nd7 34. Na4 Rbc8 35.
Ke3 Ne5 36. Nb6 Rc6 37. f4 Nd7 38. b5 Rc7 39. bxa6 bxa6 40. Kd4 Nc5 41. Rb1 f6 42.
Ke3 Nd7 43. Kd4 Rc5 44. Nxd7 Rxd7 45. Ra1 Rdc7 46. Rdc1 e5+ 47. fxe5 dxe5+ 48. Kd3 Rd7+ 49. Ke3 Rd4 50. Rab1 Rcxc4 51. Rb7+ Ke6 52. Rb6+ Kf7 53. Rxc4 Rxc4 54. Rxa6 h5 55. h4 Rc3+ 56. Kf2 Ra3 57. g3 f5 58. exf5 gxf5 59. Kg2 e4 60. Kf2 Rf3+ 61.
Kg2 Ra3 62. Kf2 Kg7 63. Kg2 Ra2+ 64. Kg1 Ra3 65. Kf2 Rf3+ 66. Kg2 Ra3 67. Kf2 Kf7 68. Kg2 Ke7 69. Kf2 Kd7 70. Kg2 Kc7 71. Kf2 Kb7 72. Rb6+ Kc7 73. Rb5 Rf3+ 74. Kg2 Kc6 75. Re5 Kd6 76.
Rb5 Ke6 77. a6 Ra3 78. Rb6+ Ke5 79. Rb5+ Ke6 80. Rb6+ Ke5 81. Rb5+ Ke6 1/2-1/2

[Event "*** Titled Tuesday Blitz"]
[Site "Chess.com"]
[Date "2020.11.24"]
[Round "2"]
[White "GelmanAlexander"]
[Black "poneis_malditos"]
[Result "1-0"]
[WhiteElo "2564"]
[BlackElo "2310"]
[TimeControl "180+1"]
[EndTime "10:34:56 PST"]
[Termination "GelmanAlexander won by resignation"]

1. d4 d5 2. Nc3 c6 3. Bf4 Nf6 4. f3 Nh5 5. Bc1 e5 6. Be3 Nd7 7. g4 Nf4 8. Qd2 Qh4+ 9. Bf2 Qf6 10. O-O-O Bb4 11. e3 Ne6 12. a3 Ba5 13. h4 b5 14.
g5 Qe7 15. Nge2 Rb8 16. e4 exd4 17. Nxd4 Nxd4 18. Qxd4 O-O 19. exd5 Bxc3 20. Qxc3 cxd5 21. Bd4 f5 22. gxf6 Nxf6 23. Bc5 Qf7 24. Bxf8 Qxf8 25.
Rg1 Bf5 26. Bd3 Bxd3 27. Rxd3 b4 28. axb4 Rxb4 29. h5 Rc4 30. Qe5 Qc5 31. Rg2 Qc6 32. Rc3 Rxc3 33. Qxc3 Qxc3 34. bxc3 Nxh5 35. Re2 Kf7 36. Kd2 Nf6 37. Re1 Nd7 38. Ra1 Ne5 39. Rxa7+ Kf6 40. Ke3 h5 41. Ra6+ Kf5 42. Kd4 Nxf3+ 43.
Kxd5 h4 44. c4 h3 45. Ra1 h2 46. Rh1 g5 47. c5 g4 48. c6 g3 49. c7 g2 50. c8=Q+ Kf4 51. Qc7+ Ke3 52. Qc5+ Ke2 53. Qc4+ Kf2 54. Qc5+ Kg3 55. Qd6+ Kh3 56. Qh6+ Kg3 57. Qg6+ Kf2 58. Rxh2 Nxh2 59. c4 Nf3 60. c5 Nh4 61.
Qf6+ Kg3 62. Qg5+ Kh3 63. c6 Nf3 64. Qh5+ Kg3 65. Qg6+ Kf4 66. Qxg2 1-0

[Event "*** Titled Tuesday Blitz"]
[Site "Chess.com"]
[Date "2020.11.24"]
[Round "2"]
[White "Alexander_Kachko"]
[Black "Chessbard1972"]
[Result "1-0"]
[WhiteElo "2772"]
[BlackElo "2349"]
[TimeControl "180+1"]
[EndTime "10:34:57 PST"]
[Termination "Alexander_Kachko won on time"]

1. e4 c5 2. Nc3 a6 3. g3 b5 4.
Bg2 Bb7 5. d3 e6 6. Nh3 Nf6 7. O-O h5 8. f4 h4 9. g4 b4 10. Na4 d5 11. e5 Nfd7 12. c3 a5 13. d4 Nc6 14. Be3 cxd4 15. cxd4 Rc8 16. f5 Be7 17.
fxe6 fxe6 18. Nf4 Nf8 19. Qd3 Nb8 20. Rfc1 Ba6 21. Rxc8 Qxc8 22. Qd2 g5 23. Nh5 Qd7 24. b3 Rg8 25. Bf1 Ng6 26. Bxa6 Nxa6 27. Rf1 Nf4 28. Bxf4 gxf4 29. Qxf4 Bg5 30. Nf6+ Bxf6 31. exf6 Kf7 32.
Qh6 Rf8 33. Qh5+ Kg8 34. Qg6+ Kh8 35. Qh6+ Kg8 36. g5 e5 37. f7+ Rxf7 38. Rxf7 Qxf7 39. dxe5 Nc7 40. Nc5 Nb5 41. g6 Qa7 42. Qh7+ Qxh7 43.
gxh7+ Kxh7 44. Kf2 Kg6 45. Ke3 Kf5 46. e6 Kf6 47. Kf4 Nd4 48. Kg4 Nxe6 49. Nd3 Nd4 50. Kxh4 Nf3+ 51. Kg3 Ne5 52. Nxe5 Kxe5 53. h4 Ke4 54. h5 Ke3 55. h6 d4 56. h7 d3 57.
h8=Q d2 58. Qe5+ Kd3 59. Qd5+ Ke2 60. Qe4+ Kf1 61. Qd3+ Ke1 62. Qe3+ Kd1 63. Kf3 Kc2 64. Qc5+ Kd1 65. Ke3 Ke1 66. Qd5 1-0

[Event "*** Titled Tuesday Blitz"]
[Site "Chess.com"]
[Date "2020.11.24"]
[Round "2"]
[White "zurzan"]
[Black "Unknown_IM"]
[Result "1/2-1/2"]
[WhiteElo "2085"]
[BlackElo "2385"]
[TimeControl "180+1"]
[EndTime "10:34:58 PST"]
[Termination "Game drawn - insufficient material"]

1. f4 e5 2. fxe5 d6 3. exd6 Bxd6 4. Nf3 g5 5. g3 g4 6. Nh4 Nf6 7. Nc3 Bd7 8. Bg2 Nc6 9. O-O Qe7 10. d4 O-O-O 11. Bg5 Nxd4 12. Bxf6 Qe3+ 13. Kh1 Bc5 14. Nd5 Qxe2 15. Qxe2 Nxe2 16. Bxh8 Rxh8 17. b4 Bd4 18. Rae1 Bb5 19. Ne7+ Kb8 20. Nef5 Bb6 21. a4 Bxa4 22. Rxe2 Bb5 23. Rfe1 Bxe2 24. Rxe2 Rd8 25. Bf1 c5 26. c3 cxb4 27. cxb4 Rd1 28. Kg2 a5 29.
bxa5 Bxa5 30. Ne3 Rd4 31. Nhf5 Ra4 32. Nd6 Bb6 33. Nxf7 Re4 34. Nd5 Rxe2+ 35. Bxe2 Bd4 36. Ng5 h5 37. Ne4 Kc8 38. Nb4 Kd7 39. Nc2 Be5 40.
Ne3 Kc6 41. Nf5 b5 42. Ng5 Kc5 43. Nf7 Bf6 44. Kf1 b4 45. Ke1 b3 46. Bd3 b2 47. Kd1 Kd5 48. N7h6 Ke5 49. Kc2 Kd5 50. Ba6 Ke6 51. Kb1 Ke5 52. Kxb2 Ke4+ 53. Kc2 Kf3 54.
Bb7+ Kf2 55. Nd6 Kg1 56. Ne4 Be7 57. Nf5 Bd8 58. Ng7 h4 59. Nh5 Kxh2 60. gxh4 Bxh4 61. Bd5 Kh3 62. Kd1 g3 63. Nhxg3 Bxg3 64. Ke2 Be5 65. Kf3 Kh4 66. Nf2 Kg5 67. Be4 Kf6 68. Nd3 Bb8 69. Nc5 Ke7 70. Na6 Ba7 71. Kf4 Kd7 72.
Kf5 Kc8 73. Nb4 Bc5 74. Ke5 Bxb4 1/2-1/2

[Event "*** Titled Tuesday Blitz"]
[Site "Chess.com"]
[Date "2020.11.24"]
[Round "2"]
[White "rpragchess"]
[Black "IMAghasiyevKamal"]
[Result "1/2-1/2"]
[WhiteElo "2889"]
[BlackElo "2549"]
[TimeControl "180+1"]
[EndTime "10:34:59 PST"]
[Termination "Game drawn - insufficient material"]

1. d4 d5 2. c4 e6 3. Nc3 Nf6 4. cxd5 exd5 5. Bg5 Nbd7 6. e3 c6 7. Bd3 Be7 8. Nge2 h6 9. Bh4 Nh5 10.
Bxe7 Qxe7 11. O-O O-O 12. Qd2 Re8 13. Rae1 Nb6 14. Nc1 c5 15. e4 cxd4 16. Nxd5 Qd8 17. Bb5 Nxd5 18. exd5 Bd7 19. Rxe8+ Qxe8 20. Bxd7 Qxd7 21.
Qxd4 Nf6 22. Rd1 Rd8 23. d6 b6 24. Ne2 Ne8 25. Nc3 Qxd6 26. Qa4 Qe7 27. g3 Rxd1+ 28. Qxd1 Nf6 29. Qf3 Qd7 30. Kg2 h5 31. h3 b5 32.
a3 Kh7 33. b4 a6 34. Nd1 Qd5 35. Ne3 Qe5 36. Qb7 Qe6 37. Qf3 g6 38. g4 hxg4 39. hxg4 Kg7 40. Qf4 Qc6+ 41. Kh2 Ne4 42. Qe5+ Kg8 43.
Qb8+ Kg7 44. Qe5+ Kg8 45. Nd5 Qd6 46. Qxd6 Nxd6 47. Nc7 Nc4 48. Nxa6 Nxa3 49. Kg3 f6 50. Kf4 Kf7 51. Ke4 Ke6 52. Kd4 Kd6 53. Nc5 Nc2+ 54.
Kc3 Ne1 55. f4 f5 56. gxf5 gxf5 57. Kd2 Ng2 58. Nd3 Kd5 59. Ke2 Ke4 60. Nc5+ Kxf4 61.
Ne6+ Ke5 62. Nc7 Nf4+ 63. Kf1 Nd3 64. Nxb5 Nxb4 65. Nc3 Nd5 66. Ne2 Ke4 67. Ng3+ Kf4 68.
Nxf5 1/2-1/2

[Event "*** Titled Tuesday Blitz"]
[Site "Chess.com"]
[Date "2020.11.24"]
[Round "2"]
[White "Grandelicious"]
[Black "pelmerch"]
[Result "1-0"]
[WhiteElo "2826"]
[BlackElo "2517"]
[TimeControl "180+1"]
[EndTime "10:35:00 PST"]
[Termination "Grandelicious won by resignation"]

1. Nf3 Nf6 2. g3 e6 3. Bg2 d5 4. O-O Be7 5. c4 O-O 6. b3 b6 7.
d4 Bb7 8. Nc3 c5 9. Bb2 dxc4 10.
dxc5 Bxc5 11. Nb5 Nbd7 12. bxc4 Ne4 13. Qc2 Ndf6 14. e3 Qe7 15. Rad1 a6 16. Nbd4 Rac8 17. Ne5 Rfd8 18. Ndc6 Bxc6 19. Nxc6 Rxc6 20. Rxd8+ Qxd8 21. Bxf6 Qxf6 22. Bxe4 Rd6 23. Bxh7+ Kh8 24. Be4 g6 25. Rd1 Qe5 26. Rxd6 Qxd6 27. Kg2 Kg7 28. Qb2+ Kg8 29. h4 a5 30. Bf3 Qd8 31. h5 gxh5 32. Bxh5 Bf8 33. Qe5 Bg7 34. Qf4 Qa8+ 35. Kh2 Qb7 36. Bf3 Qc8 37. Kg2 Qc5 38. Qb8+ Bf8 39. Qf4 Bg7 40.
Be4 Qe5 41. Qh4 a4 42. Bh7+ Kh8 43. Bc2+ Kg8 44. Bxa4 Qc5 45. Bd1 f5 46. Bf3 Kf7 47. Qh5+ Kf8 48. Qg6 Qd6 49. g4 fxg4 50. Qxg4 Kf7 51.
Qe4 Ke7 52. Qb7+ Kf8 53. Bh5 Kg8 54. Qf7+ Kh7 55. Qg6+ Kh8 56. Bg4 Qe5 57. Bxe6 Qf6 58.
Qxf6 Bxf6 59. Kf3 Kg7 60. Ke2 Kf8 61. Bd5 Ke7 62. f4 Kd6 63. Kd3 Kc5 64. e4 b5 65.
cxb5 Kxb5 66. e5 Bg7 67. Ke4 Kc5 68. f5 1-0

[Event "*** Titled Tuesday Blitz"]
[Site "Chess.com"]
[Date "2020.11.24"]
[Round "2"]
[White "champ2005"]
[Black "Arkady_Gitelson"]
[Result "1/2-1/2"]
[WhiteElo "3014"]
[BlackElo "2594"]
[TimeControl "180+1"]
[EndTime "10:35:01 PST"]
[Termination "Game drawn by repetition"]

1. c4 g6 2. Nc3 Bg7 3. g3 d6 4. Bg2 Nc6 5. Nf3 e5 6. O-O f5 7. Rb1 Nf6 8. d3 O-O 9. b4 h6 10. b5 Ne7 11. a4 Be6 12. Ba3 b6 13. Nd2 Rb8 14. a5 g5 15. axb6 axb6 16. Qc2 Qd7 17. Rfc1 h5 18. Nf3 Bh6 19. Rd1 Ng6 20. d4 e4 21. Ne5 Qg7 22. Nxg6 Qxg6 23. c5 bxc5 24.
dxc5 dxc5 25. Bxc5 Rfe8 26. Bd4 h4 27. Na4 f4 28. Qxc7 hxg3 29. hxg3 e3 30. Bc6 exf2+ 31. Bxf2 Rec8 32. Qd6 Ng4 33. Bd7 Re8 34. Bxe8 Rxe8 35. Bc5 Qh5 36. Qc6 fxg3 37. Qg2 Bf5 38. Rb4 Qh2+ 39.
Qxh2 gxh2+ 40. Kh1 Be4+ 41. Rxe4 Rxe4 42. b6 Bg7 43. b7 Be5 44. Nb6 Rxe2 45. Nd7 Bg3 46. Bd4 Nf2+ 47. Bxf2 Rxf2 48. Rb1 Kf7 49. b8=Q Bxb8 50.
Rxb8 Ke6 51. Nc5+ Kd5 52. Nd3 Rd2 53. Ne1 Kc4 54. Re8 g4 55. Re4+ Kd5 56. Re3 Kd4 57. Re8 Kc3 58. Re3+ Kd4 59. Re8 Kc3 60. Ng2 g3 61. Rc8+ Kb2 62. Rb8+ Kc1 63. Rc8+ Kb2 64.
Rb8+ Kc1 65. Ne3 Re2 66. Rc8+ Kb1 67. Rb8+ Kc1 68. Rc8+ Kb1 69. Rb8+ Kc1 1/2-1/2

[Event "*** Titled Tuesday Blitz"]
[Site "Chess.com"]
[Date "2020.11.24"]
[Round "2"]
[White "Harsha_Bharathakoti"]
[Black "SerGo055"]
[Result "1-0"]
[WhiteElo "2716"]
[BlackElo "2474"]
[TimeControl "180+1"]
[EndTime "10:35:02 PST"]
[Termination "Harsha_Bharathakoti won by resignation"]

1. d4 Nf6 2. c4 e6 3. Nc3 d5 4.
Nf3 c6 5. e3 Nbd7 6. Qc2 Bd6 7.
Bd3 O-O 8. O-O dxc4 9. Bxc4 e5 10. Rd1 Qe7 11. a3 e4 12. Ng5 Bxh2+ 13. Kxh2 Ng4+ 14.
Kg1 Qxg5 15. Qxe4 Qh4 16. Qf4 Nb6 17. Bb3 Be6 18. Bc2 g5 19. Qg3 Qxg3 20. fxg3 Rad8 21. Ne4 h6 22. Nc5 Bc8 23. e4 Nc4 24. Bb3 Nd6 25. Bc2 b6 26. Nb3 Nc4 27. Re1 a5 28. a4 Be6 29.
Bd1 Rfe8 30. Be2 Nd6 31. Nd2 Nc8 32. Nf3 Ne7 33. Bd2 Ng6 34. Bc3 Nf6 35. Bd3 Ng4 36.
Bc2 Re7 37. Rad1 Red7 38. Rd2 Kf8 39. b4 Kg8 40. bxa5 bxa5 41. Bxa5 Ra8 42. Bb6 Rb7 43. a5 Bc4 44. e5 Ba6 45. Be4 Ne7 46. Rc1 Rc8 47.
Rdc2 Rd7 48. Rc3 Kf8 49. Nd2 Ke8 50. Nb3 Bb5 51. Nc5 Rxd4 52. Nb7 Rxe4 53. Nd6+ Kd7 54.
Nxe4 Nd5 55. Nc5+ Ke8 56. R3c2 Nxe5 57. Re1 f6 58. Ne4 Kf7 59. Nd6+ Ke6 60. Nxc8 Kf5 61. Nd6+ Ke6 62. Nxb5 cxb5 63. Bc7 Nxc7 64. Rxc7 Kd6 65. Rb7 Kc6 66. a6 Nd3 67. Rd1 Nc5 68. Rc1 b4 69.
Rxc5+ Kxc5 70. a7 b3 71. a8=Q 1-0

[Event "*** Titled Tuesday Blitz"]
[Site "Chess.com"]
[Date "2020.11.24"]
[Round "2"]
[White "mortngabriel"]
[Black "DenLaz"]
[Result "0-1"]
[WhiteElo "2347"]
[BlackElo "2764"]
[TimeControl "180+1"]
[EndTime "10:35:04 PST"]
[Termination "DenLaz won by resignation"]

1. d4 d5 2. c4 c6 3. cxd5 cxd5 4. Nc3 Nf6 5. Bf4 Nc6 6. e3 Bf5 7. Qb3 Na5 8. Qa4+ Bd7 9. Qc2 e6 10. Nf3 Be7 11. Bd3 Nc6 12. a3 Nh5 13. Be5 f6 14. Bg3 f5 15. Be5 Nf6 16. h3 O-O 17. O-O Rc8 18. Bh2 Ne4 19. Qe2 Bf6 20. Rac1 Be8 21.
Ne5 Nxe5 22. Bxe4 fxe4 23. dxe5 Bh4 24. Qg4 Rf5 25. Bg3 Bxg3 26. Qxg3 Bc6 27. Ne2 Qg5 28. Qxg5 Rxg5 29. Nd4 Rxe5 30. b4 a6 31. a4 Rd8 32. b5 axb5 33. axb5 Be8 34. Rc7 Rd7 35. Rc8 Kf7 36. Rfc1 Rg5 37. Nxe6 Kxe6 38. Rxe8+ Kd6 39. b6 Rg6 40. Kf1 Re6 41. Rec8 Ke5 42. Rb1 h5 43. Rc7 Ree7 44. Rbc1 Kd6 45. R7c5 Ke6 46. Ke1 Rd6 47. Ke2 Rxb6 48. Rc7 Rb2+ 49. R7c2 Rxc2+ 50. Rxc2 b5 51. Rb2 Rb7 52. Kd2 b4 53. Kc2 Ke5 54. Kb3 d4 55. exd4+ Kxd4 56. Rd2+ Ke5 57. Rd8 g5 58. Re8+ Kf5 59.
Rf8+ Kg6 60. Re8 Rf7 61. Rxe4 Rxf2 62. g4 hxg4 63. hxg4 Rf4 64. Re6+ Kf7 65. Rc6 Rxg4 0-1

[Event "*** Titled Tuesday Blitz"]
[Site "Chess.com"]
[Date "2020.11.24"]
[Round "2"]
[White "MF1966Idrisov"]
[Black "HouseOfDurin"]
[Result "1-0"]
[WhiteElo "2413"]
[BlackElo "2127"]
[TimeControl "180+1"]
[EndTime "10:35:04 PST"]
[Termination "MF1966Idrisov won on time"]

1. Nf3 c5 2. b3 Nc6 3. Bb2 d6 4.
d4 cxd4 5. Nxd4 Nf6 6. g3 g6 7. Bg2 Bd7 8. O-O Bg7 9. c4 O-O 10. Nc3 Nxd4 11. Qxd4 Bc6 12. Nd5 Nh5 13. Qd2 e6 14. Bxg7 Nxg7 15. Ne3 Bxg2 16. Kxg2 Qc7 17. Rfd1 Rad8 18. Ng4 f5 19. Ne3 Rf7 20. Qb4 Rfd7 21. Rd3 Qc5 22. Qd2 Ne8 23. Rd1 Nf6 24. f3 d5 25.
cxd5 Nxd5 26. Nc4 b5 27. Nb2 f4 28. gxf4 Qc7 29. e3 Nb6 30. Rxd7 Rxd7 31. Qe2 Qc3 32.
Rxd7 Nxd7 33. Nd3 b4 34. h4 Kf7 35. Nf2 Ke7 36. Ne4 Qc6 37. Qc4 Qxc4 38. bxc4 Nb6 39.
c5 Nd5 40. Kf2 a5 41. Ke2 a4 42.
Kd2 b3 43. axb3 axb3 44. Nc3 b2 45. Nb1 Kd7 46. e4 Nxf4 47. Kc3 Kc6 48. Kxb2 Ng2 49. Kc3 Kxc5 50. Nd2 Nxh4 51. Kd3 g5 52. Ke3 Ng6 53. Nb3+ Kd6 54. Nd4 Ke5 55. Nc6+ Kf6 56. Kd4 e5+ 57. Kd5 h5 58. Nb8 Nf4+ 59. Kd6 h4 60. Nd7+ Kg6 61. Nxe5+ Kh5 62. Ng4 h3 63. Ke5 Ng6+ 64. Kf5 Nh4+ 65. Kf6 Nxf3 66. e5 Kxg4 67. e6 Nd4 68. e7 h2 69. e8=Q h1=Q 70. Qd7+ Kg3 71. Qxd4 Qf3+ 72. Kxg5 1-0

[Event "*** Titled Tuesday Blitz"]
[Site "Chess.com"]
[Date "2020.11.24"]
[Round "2"]
[White "AungTZ"]
[Black "Zmeeed63"]
[Result "1-0"]
[WhiteElo "2120"]
[BlackElo "2385"]
[TimeControl "180+1"]
[EndTime "10:35:05 PST"]
[Termination "AungTZ won on time"]

1. e4 c5 2. Nf3 Nf6 3. Nc3 d5 4.
e5 Ng8 5. Bb5+ Nc6 6. d4 Bg4 7. dxc5 e6 8. O-O Bxc5 9. Qd3 Ne7 10. Ne2 O-O 11. Ng5 Bf5 12. Qc3 Qb6 13. Bd3 Bb4 14.
Qb3 Nxe5 15. Bxf5 Nxf5 16. Qh3 h6 17. Nf3 Nxf3+ 18. Qxf3 Rac8 19. c3 Bc5 20. a4 Rfd8 21.
a5 Qb5 22. Nf4 a6 23. Nh5 d4 24. g4 Ne7 25. Bxh6 Qc6 26. Qxc6 Nxc6 27. Bxg7 d3 28.
Rfd1 Be7 29. Bh6 Rd5 30. Be3 Rxa5 31. Rxa5 Nxa5 32. Rxd3 Nc4 33. Bc1 Rd8 34. Rxd8+ Bxd8 35. Ng3 Ne5 36. h3 Nd3 37. Ne2 b5 38. b4 Bb6 39.
Be3 Bc7 40. Kg2 Be5 41. Kf3 f5 42. gxf5 exf5 43. Bd4 Bd6 44. h4 Kf7 45. h5 Nb2 46. Ng3 Ke6 47. h6 Nc4 48. h7 Ne5+ 49. Kg2 Ng6 50.
h8=Q Nxh8 51. Bxh8 Bf8 52. Bd4 Kd5 53. Nf1 Kc4 54.
Ne3+ Kd3 55. Nxf5 Kc4 56. Kf3 Kb3 57. Ke4 Ka4 58. f4 a5 59. bxa5 Kxa5 60. Ne3 b4 61.
cxb4+ Kxb4 62. Nd5+ Kc4 63. f5 Bh6 64. Be3 Bg7 65.
Bg5 Kb5 66. Bf6 Bf8 67. Ke5 Kc6 68. Ke6 Ba3 69. Nf4 Kc7 70. Be7 1-0